 Dungeon Crawl Stone Soup version 0.31-a0-848-gaac375c287 (webtiles) character file.

Game seed: 11641848540821306563

290 croobank the Covert (level 6, 0/43 HPs)
             Began as an Octopode Delver on Oct 4, 2023.
             Slain by Grinder (8 damage)
             ... on level 3 of the Dungeon.
             The game lasted 00:09:38 (2283 turns).

croobank the Covert (Octopode Delver)               Turns: 2283, Time: 00:09:39

Health: 0/43       AC:  1    Str: 11    XL:     6   Next: 32%
Magic:  6/6        EV: 14    Int: 15    God:
Gold:   107        SH:  0    Dex: 13    Spells: 4/5 levels left

rFire   . . .        x - +3 dagger (venom)
rCold   . . .        (no shield)
rNeg    . . .        (helmet restricted)
rPois   .            (no amulet)
rElec   .            (no ring)
rCorr   .            (no ring)
SInv    .            (no ring)
Will    .....        (no ring)
Stlth   +++++        (no ring)
HPRegen 0.27/turn    (no ring)
MPRegen 0.10/turn    (no ring)
                     (no ring)

%: no passive effects
@: mighty, attractive
A: almost no armour, amphibious, 8 rings, camouflage 1, gelatinous body 1,
(nimble swimmer 1), tentacles
a: no special abilities


You were on level 3 of the Dungeon.
You visited 1 branch of the dungeon, and saw 7 of its levels.

You collected 107 gold pieces.

Inventory:

Hand Weapons
 a - a +0 short sword
 d - a +1 war axe of freezing
 o - a +0 sling
 x - a +3 dagger of venom (weapon)
 z - a +0 trident
Missiles
 l - 5 javelins
 m - 4 boomerangs
 y - 2 atropa-tipped darts
Jewellery
 s - a ring of fire
 B - a ring of magical power
Talismans
 n - a maw talisman
Wands
 f - a wand of digging (3)
 h - a wand of polymorph (10)
Scrolls
 p - a scroll of silence
Potions
 k - a potion of attraction
 t - a potion of might
 u - a potion of enlightenment {unknown}
 v - a potion of cancellation {unknown}
 D - a potion of invisibility {unknown}


   Skills:
 + Level 4.2 Fighting
 + Level 3.5 Short Blades
 + Level 3.6 Dodging
 + Level 8.0 Stealth
 + Level 0.0 Spellcasting
 + Level 0.0 Conjurations
 + Level 0.0 Fire Magic


You had 4 spell levels left.
You knew the following spells:

 Your Spells              Type           Power      Damage    Failure   Level
a - Foxfire               Conj/Fire      0%         2x1d4     26%         1

Your spell library contained the following spells:

 Spells                   Type           Power      Damage    Failure   Level
 Plasma Beam              Fire/Air       0%         2x1d10    100%        6
 Starburst                Conj/Fire      0%         6d3       100%        6


Dungeon Overview and Level Annotations

Branches:
Dungeon (7/15)
 Temple: D:4-7

Altars:

Shops:
D:3 (

Annotations:
D:3 Grinder
D:4 3 runed translucent doors, gelatine's ghost, amateur DsGl
D:5 Blork the orc


Innate Abilities, Weirdness & Mutations

You cannot wear most types of armour.
You are amphibious.
You can wear up to eight rings at the same time.
Your skin changes colour to match your surroundings (Stealth+).
Your rubbery body absorbs attacks. (AC +1, EV +1)
((You are camouflaged when in or above water. (Stealth+)))
You have tentacles for arms and can constrict up to eight enemies at once.


Message History

No target in view!
You enter the shallow water.
No target in view!
Found a stone staircase leading down.
Unknown command.
You enter the shallow water.
Grinder blinks!
There is a fountain of clear blue water here.
It was a potion of attraction.
You feel attractive to monsters. Grinder is attracted toward you.
It was a potion of heal wounds.
You feel much better. Grinder barely misses you.
It was a potion of curing.
You feel better. Grinder completely misses you.
It was a potion of might.
You feel very mighty all of a sudden. Grinder hits you.
You writhe in agony.
You barely miss Grinder. Your grab misses Grinder. Grinder barely misses you.
You barely miss Grinder. You grab Grinder. You constrict Grinder.
You hit Grinder.
Grinder is lightly wounded.
You constrict Grinder. Grinder gestures at you.
You suddenly lose the ability to move!
You lose your grip on Grinder.
Grinder hits you!
You writhe in agony.
Grinder barely misses you. Grinder gestures at you.
You resist with significant effort. Grinder hits you! Grinder gestures at you.
You shrug off the repeated paralysis!
The ice beast is attracted toward you.
You can move again.
You puncture Grinder!
Grinder looks as sick as possible!
Your grab misses Grinder. Your squeeze misses Grinder.
Grinder is heavily wounded.
Grinder hits you!
* * * LOW HITPOINT WARNING * * *
Grinder hits you!
You die...
Grinder says, "Now the real fun starts!"

.. ..... ....# #
..###~..~###....## #
#...#≈≈#)..#...' # .
#.⌠.#≈≈#.⌠.#...##.# #
..#...#≈≈#..†#...##.#.# #.#
...###~≈≈~###....##.#.# #.#
.....~≈≈≈≈~......##.#.# #.#
.....~≈≈≈≈~......##.#.# #.#
...###≈≈≈≈###Y5@.##.#.# #.#
#...#≈≈#...#...##.#.########.#
#.⌠.#≈≈#.⌠.#.................#
#...#~~#...#..#.#.............
..###~..§###...#.###.##########
................#.# #.#
..Y..###.##.#...#.# #.# .>..
#.##.#.###.# #Y# ... #.##....
..# #.#


You could see Grinder (extremely poisoned) and an ice beast.

Vanquished Creatures
  An ogre (D:7)
  A scorpion (D:6)
  A hound (D:4)
  3 gnolls (D:2)
  An adder (D:2)
  A white imp (D:6)
  2 dart slugs
  2 orcs
  7 ball pythons
  7 endoplasms
  2 giant cockroaches
  6 goblins
  9 hobgoblins
  6 jackals (D:2)
  6 quokkas
  4 bats
  3 frilled lizards
  4 kobolds
66 creatures vanquished.

Notes
Turn   | Place    | Note
-------+----------+-------------------------------------------
     0 | D:5      | croobank the Octopode Delver began the quest for the Orb.
     0 | D:5      | Reached XP level 1. HP: 16/16 MP: 1/1
    16 | D:6      | Noticed a scorpion
    25 | D:6      | Killed a scorpion
    26 | D:6      | Reached skill level 7 in Stealth
    26 | D:6      | Reached XP level 2. HP: 19/21 MP: 2/2
    26 | D:6      | Reached XP level 3. HP: 23/26 MP: 3/3
    68 | D:7      | Noticed a centaur
    69 | D:7      | Noticed a wight
    69 | D:7      | Noticed a wight
    69 | D:7      | Noticed a wight
    69 | D:7      | Noticed a wight
   101 | D:7      | Reached XP level 4. HP: 30/31 MP: 4/4
   118 | D:7      | Noticed a gnoll sergeant
   123 | D:7      | Noticed an ogre
   131 | D:7      | Killed an ogre
   132 | D:7      | Reached XP level 5. HP: 37/37 MP: 5/5
   267 | D:5      | Noticed Blork the orc
   267 | D:5      | Noticed an ogre
   386 | D:4      | Found a runed translucent gate.
   386 | D:4      | Found a runed translucent gate.
   386 | D:4      | Found a runed translucent gate.
   388 | D:4      | Noticed gelatine's ghost (amateur DsGl)
   400 | D:4      | Noticed a kobold brigand
   414 | D:4      | Noticed a black bear
   416 | D:4      | Noticed a water moccasin
  1187 | D:2      | Reached XP level 6. HP: 30/43 MP: 6/6
  1818 | D:2      | Reached skill level 8 in Stealth
  1835 | D:2      | Learned a level 1 spell: Foxfire
  1975 | D:3      | Found Soorph's Weapon Boutique.
  2038 | D:3      | Noticed Grinder
  2039 | D:3      | Noticed an ice beast
  2052 | D:3      | Paralysed by Grinder for 4 turns
  2276 | D:3      | Paralysed by Grinder for 5 turns
  2283 | D:3      | Slain by Grinder

Illustrated notes

Levels and vault maps discovered:
D:1:      nzn_arrival_water_spiral, layout_rooms
D:2:      layout_loops_cross
D:3:      layout_basic, mainiacjoe_overflow_surrounded_room,
          nzn_wu_jian_council_hall, serial_shops, nicolae_shop_tiny_glass,
          fountainhead, uniq_grinder
D:4:      layout_cave_pools, temple_doors_ab, gammafunk_ghost_nasty_kobolds
D:5:      layout_loops_ring, mainiacjoe_overflow_paths,
          fedhas_altar_decomposition, lemuel_round_altar, uniq_blork_the_orc
D:6:      layout_basic, chequers_serial_rivers_micro_e
D:7:      layout_loops_ring, gammafunk_ghost_grave, minmay_misc_feat_x,
          st_stairs_7, hangedman_decor_growths, uniq_prince_ribbit1

Skill      XL: |  1  2  3  4  5  6 |
---------------+-------------------+-----
Stealth        | 7 8 |  8.0
Short Blades   | 3 |  3.5
Dodging        | 3 |  3.6
Fighting       | 4 |  4.2

Action                     |  1- 3 |  4- 6 || total
---------------------------+-------+-------++-------
  Melee: Short sword       |     4 |    62 ||    66
         Tentacles         |     3 |    20 ||    23
         Constrict         |     2 |    31 ||    33
         Punch             |     1 |     2 ||     3
         Dagger            |       |    79 ||    79
  Evoke: Wand              |       |     4 ||     4
    Use: Scroll            |       |    10 ||    10
         Potion            |       |     6 ||     6
   Stab: Sleeping          |       |    19 ||    19
 Armour: Skin              |     2 |    45 ||    47
  Dodge: Dodged            |     2 |    81 ||    83

Table legend: (Time is in decaauts)
 A = Elapsed time spent in this place.
 B = Non-inter-level travel time spent in this place.
 C = Inter-level travel time spent in this place.
 D = Time resting spent in this place.
 E = Time spent auto-exploring this place.
 F = Levels seen in this place.
 G = Mean time per level.
                   A        B        C        D        E       F      G
               +--------+--------+--------+--------+--------+-----+--------+
         Total |   2245 |   2174 |     71 |    395 |    979 |   7 |  320.7 |
       Dungeon |   2245 |   2174 |     71 |    395 |    979 |   7 |  320.7 |
               +--------+--------+--------+--------+--------+-----+--------+

Top non-repeatable levels by time:
     D:2: 966 daAuts
     D:1: 494 daAuts
     D:3: 369 daAuts
     D:6: 143 daAuts
     D:4: 110 daAuts
     D:7: 87 daAuts
     D:5: 74 daAuts
